ESL (28 & UNDER)
RIO GRANDE RATTLESNAKE @ BUTLER WHITE SOX
10/05/2025
 
TOP OF THE 1ST
Rio Grande Rattlesnake batting - Pitching for Butler White Sox : RHP Júlio González
Pitching: RHP Júlio González
Batting: RHB Jeff Bane 0-0: Ball
1-0: Called Strike
1-1: Foul Ball, location: 2F
1-2: Ball
2-2: Foul Ball, location: 2F
2-2: Strikes out swinging
Batting: SHB Douglas Taylor 0-0: Ball
1-0: Swinging Strike
1-1: Called Strike
1-2: Hit by Pitch
Batting: RHB Paul Martin 0-0: Fly out, F7 (Popup, 78S)
Batting: RHB Luis Sánchez 0-0: Ball
1-0: Ball
2-0: Called Strike
2-1: Foul Ball, location: 2F
2-2: Ball
3-2: Base on Balls
Douglas Taylor to second
Batting: SHB Carlos Reyes 0-0: Swinging Strike
0-1: Ball
1-1: Swinging Strike
1-2: Ball
2-2: Fly out, F8 (Flyball, 8LXD)
Top of the 1st over - 0 run(s), 0 hit(s), 0 error(s), 2 left on base; Rio Grande 0 - Butler 0
BOTTOM OF THE 1ST
Butler White Sox batting - Pitching for Rio Grande Rattlesnake : RHP Chris Carpenter
Pitching: RHP Chris Carpenter
Batting: LHB Jesús González 0-0: Ball
1-0: Foul Ball, location: 2F
1-1: Ground out 1-3 (Groundball, 23)
Batting: RHB Evan Robinson 0-0: Called Strike
0-1: Foul Ball, location: 2F
0-2: Fly out, F7 (Flyball, 7LM)
Batting: LHB Mark Everett 0-0: Ball
1-0: Foul Ball, location: 2F
1-1: Ball
2-1: Foul Ball, location: 2F
2-2: Ball
3-2: Fly out, F8 (Flyball, 8LXD)
Bottom of the 1st over - 0 run(s), 0 hit(s), 0 error(s), 0 left on base; Rio Grande 0 - Butler 0
TOP OF THE 2ND
Rio Grande Rattlesnake batting - Pitching for Butler White Sox : RHP Júlio González
Batting: SHB Giancarlo Giannini 0-0: Ball
1-0: Ground out 4-3 (Groundball, 4)
Batting: RHB Luis Ibarra 0-0: Ball
1-0: Ground out 4-3 (Groundball, 4)
Batting: LHB Luis Villa 0-0: Called Strike
0-1: Fly out, F8 (Flyball, 89XD)
Top of the 2nd over - 0 run(s), 0 hit(s), 0 error(s), 0 left on base; Rio Grande 0 - Butler 0
BOTTOM OF THE 2ND
Butler White Sox batting - Pitching for Rio Grande Rattlesnake : RHP Chris Carpenter
Batting: RHB Luis Alou 0-0: Called Strike
0-1: Fly out, F5 (Line Drive, 5)
Batting: RHB Rodney González 0-0: Ball
1-0: SINGLE (Flyball, 6MD)
Batting: LHB Pat Weaver 0-0: Foul Ball, location: 2F
0-1: Ball
1-1: Ball
2-1: Fly out, F7 (Flyball, 7M)
Batting: LHB Sean Perkins 0-0: Called Strike
0-1: Ball
1-1: Ground out 1-3 (Groundball, 25)
Bottom of the 2nd over - 0 run(s), 1 hit(s), 0 error(s), 1 left on base; Rio Grande 0 - Butler 0
TOP OF THE 3RD
Rio Grande Rattlesnake batting - Pitching for Butler White Sox : RHP Júlio González
Batting: RHB Gary Thomas 0-0: Ball
1-0: Ball
2-0: Ground out 4-3 (Groundball, 4M)
Batting: RHB Jeff Bane 0-0: Called Strike
0-1: Called Strike
0-2: Ball
1-2: Strikes out swinging
Batting: SHB Douglas Taylor 0-0: Swinging Strike
0-1: Ball
1-1: Foul Ball, location: 2F
1-2: Ball
2-2: Strikes out swinging
Top of the 3rd over - 0 run(s), 0 hit(s), 0 error(s), 0 left on base; Rio Grande 0 - Butler 0
BOTTOM OF THE 3RD
Butler White Sox batting - Pitching for Rio Grande Rattlesnake : RHP Chris Carpenter
Batting: RHB Juan Reyes 0-0: Fly out, F8 (Flyball, 8LM)
Batting: RHB Luis Ramos 0-0: Ball
1-0: DOUBLE (Groundball, 5L)
Batting: LHB Jesús González 0-0: Ground out 5-3 (Groundball, 56)
Batting: RHB Evan Robinson 0-0: Called Strike
0-1: Ball
1-1: Ball
2-1: Fly out, F9 (Flyball, 9M)
Bottom of the 3rd over - 0 run(s), 1 hit(s), 0 error(s), 1 left on base; Rio Grande 0 - Butler 0
TOP OF THE 4TH
Rio Grande Rattlesnake batting - Pitching for Butler White Sox : RHP Júlio González
Batting: RHB Paul Martin 0-0: Fly out, F8 (Flyball, 8RD)
Batting: RHB Luis Sánchez 0-0: Ball
1-0: Ball
2-0: SINGLE (Flyball, 7S)
Batting: SHB Carlos Reyes 0-0: Ball
1-0: Ball
2-0: Ball
3-0: Called Strike
3-1: Foul Ball, location: 2F
3-2: Strikes out looking
Luis Sánchez steals 2nd base
Batter strikes out.
Batting: SHB Giancarlo Giannini 0-0: Ball
1-0: Foul Ball, location: 2F
1-1: Ball
2-1: Swinging Strike
2-2: Strikes out looking
Top of the 4th over - 0 run(s), 1 hit(s), 0 error(s), 1 left on base; Rio Grande 0 - Butler 0
BOTTOM OF THE 4TH
Butler White Sox batting - Pitching for Rio Grande Rattlesnake : RHP Chris Carpenter
Batting: LHB Mark Everett 0-0: Called Strike
0-1: Ball
1-1: Ball
2-1: Ball
3-1: TRIPLE (Groundball, 3D)
Batting: RHB Luis Alou 0-0: Swinging Strike
0-1: Ball
1-1: Foul Ball, location: 2F
1-2: SINGLE (Line Drive, 4MD)
Mark Everett scores
Batting: RHB Rodney González 0-0: Swinging Strike
0-1: Ball
1-1: Foul Ball, location: 2F
1-2: Strikes out looking
Batting: LHB Pat Weaver 0-0: SINGLE (Line Drive, 7S)
Luis Alou to second
Batting: LHB Sean Perkins 0-0: Called Strike
0-1: Swinging Strike
0-2: Foul Ball, location: 2F
0-2: Foul Ball, location: 2F
0-2: Ball
1-2: Foul Ball, location: 2F
1-2: Foul Ball, location: 2F
1-2: Strikes out looking
Batting: RHB Juan Reyes 0-0: Ball
1-0: Called Strike
1-1: Ball
2-1: Swinging Strike
2-2: Strikes out swinging
Bottom of the 4th over - 1 run(s), 3 hit(s), 0 error(s), 2 left on base; Rio Grande 0 - Butler 1
TOP OF THE 5TH
Rio Grande Rattlesnake batting - Pitching for Butler White Sox : RHP Júlio González
Batting: RHB Luis Ibarra 0-0: Ball
1-0: Fly out, F9 (Flyball, 9LD)
Batting: LHB Luis Villa 0-0: Called Strike
0-1: Bunt for hit - play at first, batter OUT! 1-3
Batting: RHB Gary Thomas 0-0: Foul Ball, location: 2F
0-1: Ball
1-1: Foul Ball, location: 2F
1-2: Ball
2-2: Strikes out swinging
Top of the 5th over - 0 run(s), 0 hit(s), 0 error(s), 0 left on base; Rio Grande 0 - Butler 1
BOTTOM OF THE 5TH
Butler White Sox batting - Pitching for Rio Grande Rattlesnake : RHP Chris Carpenter
Batting: RHB Luis Ramos 0-0: Ball
1-0: Foul Ball, location: 2F
1-1: Fly out, F8 (Flyball, 8RM)
Batting: LHB Jesús González 0-0: SINGLE (Groundball, 56D)
Batting: RHB Evan Robinson 0-0: Ball
Jesús González steals 2nd base
1-0: Called Strike
1-1: Ground out 6-3 (Groundball, 6)
Jesús González to third
Batting: LHB Mark Everett 0-0: SINGLE (Line Drive, 8LS)
Jesús González scores
Batting: RHB Luis Alou 0-0: Ball
1-0: Called Strike
1-1: Called Strike
1-2: Ball
2-2: Foul Ball, location: 2F
2-2: Foul Ball, location: 2F
2-2: Strikes out swinging
Bottom of the 5th over - 1 run(s), 2 hit(s), 0 error(s), 1 left on base; Rio Grande 0 - Butler 2
TOP OF THE 6TH
Rio Grande Rattlesnake batting - Pitching for Butler White Sox : RHP Júlio González
Batting: RHB Jeff Bane 0-0: Ball
1-0: Ball
2-0: Called Strike
2-1: Fly out, F4 (Line Drive, 4D)
Batting: SHB Douglas Taylor 0-0: Ball
1-0: Ball
2-0: Called Strike
2-1: Foul Ball, location: 2F
2-2: Foul Ball, location: 2F
2-2: Ball
3-2: Strikes out swinging
Batting: RHB Paul Martin 0-0: Ground out 6-3 (Groundball, 6)
Top of the 6th over - 0 run(s), 0 hit(s), 0 error(s), 0 left on base; Rio Grande 0 - Butler 2
BOTTOM OF THE 6TH
Butler White Sox batting - Pitching for Rio Grande Rattlesnake : RHP Chris Carpenter
Batting: RHB Rodney González 0-0: Ball
1-0: Called Strike
1-1: Ball
2-1: Fly out, F8 (Flyball, 89M)
Batting: LHB Pat Weaver 0-0: SINGLE (Line Drive, 34D)
Batting: LHB Sean Perkins 0-0: Ball
Pat Weaver steals 2nd base
1-0: Ball
2-0: Ball
3-0: Base on Balls
Batting: RHB Juan Reyes 0-0: Foul Ball, location: 2F
0-1: Ball
1-1: Swinging Strike
1-2: Strikes out looking
Batting: RHB Luis Ramos 0-0: Ball
1-0: Called Strike
1-1: Foul Ball, location: 2F
1-2: Ball
2-2: Ball
3-2: DOUBLE (Flyball, 9D)
Pat Weaver scores
Sean Perkins to third
Sean Perkins scores
Batting: LHB Jesús González 0-0: Foul Ball, location: 2F
0-1: Ball
1-1: Foul Ball, location: 2F
1-2: Foul Ball, location: 2F
1-2: Ball
2-2: Foul Ball, location: 2F
2-2: Fly out, F4 (Line Drive, 4D)
Bottom of the 6th over - 2 run(s), 2 hit(s), 0 error(s), 1 left on base; Rio Grande 0 - Butler 4
TOP OF THE 7TH
Rio Grande Rattlesnake batting - Pitching for Butler White Sox : RHP Júlio González
Batting: RHB Luis Sánchez 0-0: DOUBLE (Flyball, 78XD)
Batting: SHB Carlos Reyes 0-0: Called Strike
0-1: Called Strike
0-2: Strikes out swinging
Batting: SHB Giancarlo Giannini 0-0: SINGLE (Flyball, 8LS)
Luis Sánchez to third
Runner from 3rd tries for Home, SAFE, throw made home
Batting: RHB Luis Ibarra 0-0: Called Strike
0-1: Foul Ball, location: 2F
0-2: Strikes out swinging
Batting: LHB Luis Villa 0-0: Ball
1-0: Ball
2-0: Called Strike
2-1: Swinging Strike
2-2: Strikes out swinging
Top of the 7th over - 1 run(s), 2 hit(s), 0 error(s), 1 left on base; Rio Grande 1 - Butler 4
BOTTOM OF THE 7TH
Butler White Sox batting - Pitching for Rio Grande Rattlesnake : RHP Chris Carpenter
Pitching: RHP Juan Gutiérrez
Batting: RHB Evan Robinson 0-0: Foul Ball, location: 2F
0-1: Swinging Strike
0-2: Strikes out swinging
Batting: LHB Mark Everett 0-0: Ball
1-0: Called Strike
1-1: Called Strike
1-2: Strikes out swinging
Batting: RHB Luis Alou 0-0: Ball
1-0: Ball
2-0: SOLO HOME RUN (Flyball, 7D), Distance : 347 ft
Batting: RHB Rodney González 0-0: Called Strike
0-1: Foul Ball, location: 2F
0-2: Ground out 4-3 (Groundball, 4M)
Bottom of the 7th over - 1 run(s), 1 hit(s), 0 error(s), 0 left on base; Rio Grande 1 - Butler 5
TOP OF THE 8TH
Rio Grande Rattlesnake batting - Pitching for Butler White Sox : RHP Júlio González
Batting: RHB Gary Thomas 0-0: SINGLE (Groundball, 6MD)
Batting: RHB Jeff Bane 0-0: Ball
1-0: Ball
2-0: Ball
3-0: Base on Balls
Gary Thomas to second
Pitching: RHP Manny Pérez
Batting: SHB Douglas Taylor 0-0: Ball
1-0: Foul Ball, location: 2F
1-1: Ball
2-1: Foul Ball, location: 2F
2-2: Strikes out swinging
Batting: RHB Paul Martin 0-0: Called Strike
0-1: Ball
1-1: Fly out, F5 (Popup, 5SF)
Batting: RHB Luis Sánchez 0-0: Ball
1-0: Called Strike
1-1: Ball
2-1: Ball
3-1: Foul Ball, location: 2F
3-2: Foul Ball, location: 2F
3-2: Ground out 6-3 (Groundball, 6M)
Top of the 8th over - 0 run(s), 1 hit(s), 0 error(s), 2 left on base; Rio Grande 1 - Butler 5
BOTTOM OF THE 8TH
Butler White Sox batting - Pitching for Rio Grande Rattlesnake : RHP Juan Gutiérrez
Batting: LHB Pat Weaver 0-0: Foul Ball, location: 2F
0-1: Called Strike
0-2: Ball
1-2: Ground out 6-3 (Groundball, 6M)
Batting: LHB Sean Perkins 0-0: Swinging Strike
0-1: Called Strike
0-2: Ball
1-2: Ball
2-2: Fly out, F7 (Flyball, 78D)
Batting: RHB Juan Reyes 0-0: Called Strike
0-1: Called Strike
0-2: Foul Ball, location: 2F
0-2: Ball
1-2: Strikes out looking
Bottom of the 8th over - 0 run(s), 0 hit(s), 0 error(s), 0 left on base; Rio Grande 1 - Butler 5
TOP OF THE 9TH
Rio Grande Rattlesnake batting - Pitching for Butler White Sox : RHP Manny Pérez
Batting: SHB Carlos Reyes 0-0: Swinging Strike
0-1: Ball
1-1: Foul Ball, location: 2F
1-2: Ball
2-2: Fly out, F7 (Flyball, 7S)
Batting: SHB Giancarlo Giannini 0-0: SINGLE (Line Drive, 3D)
Batting: RHB Luis Ibarra 0-0: Called Strike
0-1: Fielders Choice at 2nd, 5-4 (Groundball, 5L)
Batting: LHB Luis Villa 0-0: Ball
1-0: Called Strike
1-1: Foul Ball, location: 2F
1-2: Ground out U3 (Groundball, 3)
Top of the 9th over - 0 run(s), 1 hit(s), 0 error(s), 1 left on base; Rio Grande 1 - Butler 5
This league is powered by Out of the Park Baseball, the baseball management simulation game for PC, Mac and Linux
Tuesday, August 2nd, 2016 - OOTP Baseball 16.8 Build 38